 Dungeon Crawl Stone Soup version 0.19-a0-145-ga5b644a (webtiles) character file.

242 DarthKuruptios the Skirmisher (level 5, -19/53 HPs)
             Began as a Minotaur Berserker on May 17, 2016.
             Was a Priest of Trog.
             Demolished by an ogre
             ... wielding a +0 giant spiked club
              (26 damage)
             ... on level 3 of the Dungeon.
             The game lasted 00:08:10 (1867 turns).

DarthKuruptios the Skirmisher (Minotaur Berserker)  Turns: 1867, Time: 00:08:11

Health: -19/53     AC:  8    Str: 21    XL:     5   Next: 82%
Magic:  4/4        EV:  8    Int:  4    God:    Trog [***...]
Gold:   171        SH:  0    Dex: 11    Spells: 0 memorised, 4 levels left

rFire  . . .     SeeInvis .     a - +1 hand axe
rCold  . . .     Gourm    .     j - +0 chain mail
rNeg   . . .     Faith    .     (no shield)
rPois  .         Spirit   .     (helmet restricted)
rElec  .         Dismiss  .     (no cloak)
rCorr  .         Reflect  .     (no gloves)
SustAt .         Harm     .     (no boots)
MR     .....                    (no amulet)
Stlth  ..........               (no ring)
                                (no ring)

@: not resistant to hostile enchantments, extremely unstealthy
A: retaliatory headbutt, horns 2
a: Berserk, Trog's Hand, Burn Spellbooks, Renounce Religion


You were on level 3 of the Dungeon.
You worshipped Trog.
Trog was most pleased with you.
You were not hungry.

You visited 1 branch of the dungeon, and saw 3 of its levels.

You collected 171 gold pieces.

Inventory:

Hand Weapons
 a - a +1 hand axe (weapon)
Armour
 b - a +0 animal skin
 j - a +0 chain mail (worn)
Wands
 p - a wand of random effects (27/48)
 t - a wand of random effects (16/48)
Scrolls
 e - 2 scrolls of remove curse
 h - 2 scrolls of fog
 i - a scroll of blinking
 q - 2 scrolls of enchant armour {unknown}
 s - 2 scrolls of identify
Potions
 g - a potion of curing {unknown}
 l - a potion of might {unknown}
 m - a potion of haste {unknown}
 n - a potion of resistance {unknown}
 o - a potion of lignification {unknown}
 r - 2 potions of magic {unknown}
Comestibles
 c - 4 bread rations
 d - a beef jerky
 f - 2 meat rations
 k - 10 chunks of flesh
 u - a fruit


   Skills:
 * Level 7.6 Fighting
 + Level 3.9 Axes
 + Level 2.7 Armour
 * Level 2.3 Dodging


You had 4 spell levels left.
You didn't know any spells.

Dungeon Overview and Level Annotations

Branches:
Dungeon (3/15)

Altars:
Ashenzari
Cheibriados
Gozag


Innate Abilities, Weirdness & Mutations

You reflexively headbutt those who attack you in melee.
You have a pair of horns on your head.


Message History

The ogre is lightly wounded.
You slash the ogre!
The ogre is heavily wounded.
The ogre hits you with a giant spiked club!!
You hit the ogre. You headbutt the ogre.
The ogre is almost dead.
The ogre hits you with a giant spiked club.
You barely miss the ogre.
The ogre is almost dead.
The ogre hits you with a giant spiked club!
* * * LOW HITPOINT WARNING * * *
You closely miss the ogre. Your headbutt misses the ogre.
The ogre is almost dead.
You closely miss the ogre.
The ogre is almost dead.
The ogre closely misses you.
You completely miss the ogre. You headbutt the ogre.
The ogre is almost dead.
The ogre hits you with a giant spiked club!!
You die...

#...........#.
..#........##
#...........#
...ยง#..........
.......###.###........##
......................##
......................<#
...................[...#
........................
..................#.#...
#.....@..).(....##.#..#
#....O############.....
#..... ####.. ###### #.>
##. #. ##


You could see an ogre.

Vanquished Creatures
  The ghost of Ihatecarrots00 the Cudgeler, an amateur MiBe of Trog (D:3)
  An orc wizard (D:3)
  4 adders
  An ooze (D:1)
  4 worms
  A giant gecko (D:3)
  6 orcs (D:3)
  8 giant cockroaches
  6 goblins
  9 hobgoblins
  4 jackals (D:2)
  5 kobolds
  5 bats
  5 giant newts
  5 rats
  A plant (D:2)
66 creatures vanquished.

Notes
Turn   | Place    | Note
--------------------------------------------------------------
     0 | D:1      | DarthKuruptios the Minotaur Berserker began the quest for the Orb.
     0 | D:1      | Reached XP level 1. HP: 19/19 MP: 0/0
   314 | D:1      | Reached skill level 4 in Fighting
   314 | D:1      | Reached XP level 2. HP: 21/27 MP: 1/1
   719 | D:2      | Reached XP level 3. HP: 27/35 MP: 2/2
   750 | D:2      | Reached skill level 5 in Fighting
   823 | D:2      | Reached ** piety under Trog
  1139 | D:2      | Reached XP level 4. HP: 41/44 MP: 3/3
  1189 | D:2      | Found a shattered altar of Ashenzari.
  1190 | D:2      | Found a snail-covered altar of Cheibriados.
  1191 | D:2      | Found an opulent altar of Gozag.
  1439 | D:3      | Reached skill level 6 in Fighting
  1641 | D:3      | Noticed Ihatecarrots00's ghost (amateur MiBe)
  1648 | D:3      | Killed Ihatecarrots00's ghost
  1648 | D:3      | Reached skill level 7 in Fighting
  1648 | D:3      | Reached XP level 5. HP: 52/52 MP: 4/4
  1655 | D:3      | Reached *** piety under Trog
  1859 | D:3      | Noticed an ogre
  1867 | D:3      | Demolished by an ogre

Vault maps used:
D:1:      dpeg_arrival_pits
D:2:      gammafunk_temple_overflow_forgotten, serial_bayou_lagoon_a
D:3:      grunt_qazlal_clouds

Skill      XL: |  1  2  3  4 |
---------------+-------------+-----
Fighting       | 4 5 7 |  7.6
Axes           | |  3.9
Armour         | |  2.7
Dodging        | |  2.3

Action                   |  1- 3 |  4- 6 || total
-------------------------+-------+-------++-------
Melee: Hand axe          |   129 |    85 ||   214
       Headbutt          |    19 |    20 ||    39
Invok: Berserk           |       |     1 ||     1
  Use: Scroll            |     6 |     4 ||    10
  Eat: Chunk             |     1 |     3 ||     4
Armor: Animal skin       |     8 |       ||     8
       Chain mail        |    36 |    30 ||    66
Dodge: Dodged            |    52 |    32 ||    84
